 Dungeon Crawl Stone Soup version 0.18-b1-22-ge198996 (webtiles) character file.

1316 SkaryMonk the Summoner (level 8, -1/52 HPs)
             Began as a Mummy Summoner on May 3, 2016.
             Slain by a worker ant (8 damage)
             ... on level 7 of the Dungeon.
             The game lasted 00:36:43 (8701 turns).

SkaryMonk the Summoner (Mummy Summoner)             Turns: 8701, Time: 00:36:44

Health: -1/52      AC:  3    Str: 12    XL:     8   Next: 33%
Magic:  2/11       EV: 12    Int: 16    God:
Gold:   291        SH:  0    Dex: 12    Spells: 4 memorised, 2 levels left

rFire  x . .     SeeInvis +     q - +1 trident (freeze) (curse)
rCold  + . .     Gourm    .     d - +0 robe (curse)
rNeg   + + +     Faith    .     (no shield)
rPois  ∞         Spirit   .     c - +1 hat
rElec  .         Dismiss  .     (no cloak)
rCorr  .         Reflect  .     (no gloves)
SustAt .         Harm     .     (no boots)
MR     +....                    (no amulet)
Stlth  ++........               (no ring)
                                f - ring of see invisible

@: somewhat resistant to hostile enchantments, unstealthy
A: no food or potions, fire vulnerability, cold resistance 1, negative energy
resistance 3, torment resistance, unbreathing
a: no special abilities


You were on level 7 of the Dungeon.
You were not hungry.

You visited 1 branch of the dungeon, and saw 7 of its levels.

You collected 291 gold pieces.

Notes
Turn   | Place    | Note
--------------------------------------------------------------
     0 | D:1      | SkaryMonk the Mummy Summoner began the quest for the Orb.
     0 | D:1      | Reached XP level 1. HP: 13/13 MP: 3/3
   398 | D:1      | Reached XP level 2. HP: 2/19 MP: 5/5
   672 | D:1      | Learned a level 2 spell: Call Imp
   978 | D:1      | Reached skill level 4 in Summonings
  1066 | D:2      | Found an iron altar of Okawaru.
  1077 | D:2      | Found a white marble altar of Elyvilon.
  1094 | D:2      | Noticed Ijyb
  1111 | D:2      | Reached XP level 3. HP: 13/24 MP: 0/6
  1358 | D:2      | Found a radiant altar of Vehumet.
  1365 | D:2      | Noticed Jessica
  1369 | D:2      | Killed Jessica
  1523 | D:2      | Killed Ijyb
  1523 | D:2      | Reached XP level 4. HP: 13/30 MP: 3/7
  1566 | D:2      | Learned a level 3 spell: Call Canine Familiar
  1933 | D:2      | Found a shimmering altar of Xom.
  2114 | D:2      | Found a shadowy altar of Dithmenos.
  2418 | D:2      | Reached skill level 5 in Summonings
  2426 | D:2      | HP: 1/30 [gnoll/club (9)]
  2939 | D:3      | Noticed Sigmund
  2991 | D:3      | Killed Sigmund
  2991 | D:3      | Reached XP level 5. HP: 16/35 MP: 0/8
  3450 | D:3      | Found a sparkling altar of Nemelex Xobeh.
  3759 | D:3      | Noticed Terence
  3794 | D:3      | Killed Terence
  3794 | D:3      | Reached skill level 6 in Summonings
  4151 | D:4      | Got an ancient platinum ring
  4178 | D:4      | Reached XP level 6. HP: 38/41 MP: 9/9
  5020 | D:4      | Identified the ring "Caurch" {Dex+5 Slay-5 Stlth-} (You found it on level 4 of the Dungeon)
  5601 | D:4      | Noticed Grinder
  5629 | D:4      | Paralysed by Grinder for 3 turns
  5664 | D:4      | Paralysed by Grinder for 3 turns
  5677 | D:4      | Killed Grinder
  5677 | D:4      | Reached skill level 7 in Summonings
  5677 | D:4      | Reached XP level 7. HP: 17/46 MP: 1/10
  6265 | D:5      | Entered Level 5 of the Dungeon
  6275 | D:5      | Learned a level 3 spell: Summon Guardian Golem
  6413 | D:5      | Found a glowing golden altar of the Shining One.
  6665 | D:5      | Found a runed door.
  6665 | D:5      | Noticed an angel
  6732 | D:5      | Found a snail-covered altar of Cheibriados.
  7070 | D:5      | Found a blossoming altar of Fedhas.
  7543 | D:6      | Reached skill level 8 in Summonings
  7877 | D:6      | Found a sacrificial altar of Ru.
  7946 | D:6      | Found an ancient bone altar of Kikubaaqudgha.
  8303 | D:7      | Noticed Duvessa
  8304 | D:7      | Noticed Dowan
  8330 | D:7      | Killed Duvessa
  8330 | D:7      | Reached XP level 8. HP: 45/52 MP: 3/11
  8560 | D:7      | Found a burning altar of Makhleb.
  8576 | D:7      | Reached skill level 9 in Summonings
  8701 | D:7      | Slain by a worker ant

Inventory:

Hand Weapons
 a - a +1 short sword
 e - a +1 dagger of electrocution
 o - a cursed -3 hand axe
 q - a cursed +1 trident of freezing (weapon)
 w - a +3 short sword
Armour
 c - a +1 hat (worn)
 d - a cursed +0 robe (worn)
 m - a +2 shield
 p - a +0 robe of cold resistance
Jewellery
 f - a ring of see invisible (left hand)
Wands
 r - a wand of confusion (15/48)
 s - a wand of slowing (14/48)
Scrolls
 h - 2 scrolls of immolation
 i - 3 scrolls of fog
 j - 3 scrolls of magic mapping
 k - 2 scrolls of fear
 l - a scroll of teleportation
 n - 4 scrolls of blinking
 v - 2 scrolls of enchant armour
Books
 b - a book of Callings

   Spells                             Type                      Level
   a - Summon Small Mammal            Summoning                    1
   b - Call Imp                       Summoning                    2
   c - Call Canine Familiar           Summoning                    3
   d - Summon Guardian Golem          Hexes/Summoning              3
   e - Summon Lightning Spire         Summoning/Air                4
   f - Summon Ice Beast               Ice/Summoning                4
 g - a book of Burglary

   Spells                             Type                      Level
   a - Swiftness                      Charms/Air                   2
   b - Passwall                       Transmutation/Earth          2
   c - Passage of Golubria            Translocation                4
   d - Lee's Rapid Deconstruction     Earth                        5
   e - Darkness                       Hexes                        6
   f - Invisibility                   Hexes                        6

Table legend:
 A = Turns spent in this place as a percentage of turns spent in the entire game.
 B = Non-inter-level travel turns spent in this place as a percentage of non-inter-level travel turns spent in the entire game.
 C = Inter-level travel turns spent in this place as a percentage of turns spent in this place.
 D = Turns resting spent in this place as a percentage of non-inter-level travel turns spent in this place.
 E = Turns spent auto-exploring this place as a percentage of non-inter-level travel turns spent in this place.
 F = Non-inter-level travel turns spent in this place divided by the number of levels of this place that you've seen.
                   A       B       C       D       E      F
               +-------+-------+-------+-------+-------+----------------------
         Total | 100.0 | 100.0 |   0.6 |   3.1 |  10.9 | 307.4
       Dungeon | 100.0 | 100.0 |   0.6 |   3.1 |  10.9 | 307.4
               +-------+-------+-------+-------+-------+----------------------


   Skills:
 - Level 1.5 Dodging
 - Level 1.5 Stealth
 - Level 2.0 Spellcasting
 + Level 9.2 Summonings


You had 2 spell levels left.
You knew the following spells:

 Your Spells              Type           Power        Failure   Level  Hunger
a - Summon Small Mammal   Summ           ####         1%          1    N/A
b - Call Imp              Summ           ####....     1%          2    N/A
c - Call Canine Familiar  Summ           ####....     1%          3    N/A
d - Summon Guardian Gole  Hex/Summ       ###.....     12%         3    N/A

Dungeon Overview and Level Annotations

Branches:
Dungeon (7/15)
 Temple: D:4-7

Altars:
Cheibriados
Dithmenos
Elyvilon
Fedhas
Kikubaaqudgha
Makhleb
Nemelex Xobeh
Okawaru
Ru
Vehumet
Xom
The Shining One

Annotations:
D:5 1 runed door
D:7 Dowan


Innate Abilities, Weirdness & Mutations

You do not eat or drink.
Your flesh is vulnerable to fire.
You are immune to poison.
Your flesh is cold resistant.
You are immune to negative energy.
You are immune to unholy pain and torment.
You can survive without breathing.


Message History

Your hound bites the worker ant but does no damage.
The worker ant bites your hound.
You closely miss the worker ant.
The worker ant is severely wounded.
Your hound closely misses the worker ant.
The worker ant bites you but does no damage.
Your hound bites the worker ant but does no damage.
The worker ant bites you.
* * * LOW HITPOINT WARNING * * *
Your hound bites the worker ant.
You closely miss the worker ant.
The worker ant is almost dead.
Your hound closely misses the worker ant.
The worker ant closely misses you.
Your hound bites the worker ant but does no damage.
You barely miss the worker ant.
The worker ant is almost dead.
Your hound barely misses the worker ant.
The worker ant bites you!
You die...

#.........)#####
##.............#
##...###..###.# ##..#
##.###.#### #..#
#.....h...###.### ##
#..# #..###...h.......
.#
##..###..######.###.##
.#
#........##...........#
.#
#........##@###.###....
†# #<#...#..##a# #.# ##
.# #.###.#.÷##h###.#
.#####.# #.#...†.....#
.......# #.##.##..####
######## #.##.##...#
##### #.##.####'#
##...## #.##.# .#
##.....###<##.# .#


You could see a worker ant and a friendly hound.

Table legend:
 A = Kills in this place as a percentage of kills in entire the game.
 B = Kills by you in this place as a percentage of kills by you in the entire game.
 C = Kills by friends in this place as a percentage of kills by friends in the entire game.
 D = Other kills in this place as a percentage of other kills in the entire game.
 E = Experience gained in this place as a percentage of experience gained in the entire game.
 F = Experience gained in this place divided by the number of levels of this place that you have seen.
                   A       B       C       D       E      F
               +-------+-------+-------+-------+-------+----------------------
         Total | 100.0 | 100.0 | 100.0 | 100.0 | 100.0 | 268.7
       Dungeon | 100.0 | 100.0 | 100.0 | 100.0 | 100.0 | 268.7
               +-------+-------+-------+-------+-------+----------------------

Vanquished Creatures
  Grinder (D:4)
  A spriggan (D:7)
  An orc warrior (D:6)
  4 scorpions
  A crimson imp (D:6)
  2 hounds (D:4)
  A giant frog skeleton (D:4)
  A hound skeleton (D:7)
  An adder (D:2)
  2 gnolls (D:2)
  An ooze (D:1)
  2 worms (D:2)
  3 giant geckos
  4 orcs
  2 bats
  2 giant cockroaches (D:2)
  A hobgoblin (D:1)
  3 jackals (D:7)
  A kobold (D:1)
  2 quokkas
  A ball python (D:4)
  A giant gecko skeleton (D:5)
  4 giant newts
  5 rats
47 creatures vanquished.

Vanquished Creatures (collateral kills)
  Sigmund (D:3)
  A hungry ghost (D:7)
  A necrophage (D:7)
  A phantom (D:4)
  A giant frog (D:6)
  4 wights (D:6)
  2 hounds
  2 orc priests
  Terence (D:3)
  Jessica (D:2)
  Ijyb (D:2)
  An iguana (D:4)
  3 orc wizards
  2 worker ants (D:4)
  2 gnolls (D:2)
  3 adders
  A shadow imp (D:5)
  2 worms
  2 dart slugs (D:1)
  A giant gecko (D:2)
  25 orcs
  A giant cockroach (D:4)
  13 goblins
  5 hobgoblins
  6 jackals
  2 quokkas
  6 bats
  3 giant newts
  3 jackal skeletons (D:4)
  2 kobolds
  A quokka skeleton (D:4)
  6 rats
106 creatures vanquished.

Vanquished Creatures (others)
  Duvessa (D:7)
  A hobgoblin (D:2)
  A quokka (D:2)
  A rat (D:2)
4 creatures vanquished.

Grand Total: 157 creatures vanquished

Action                   |  1- 3 |  4- 6 |  7- 9 || total
-------------------------+-------+-------+-------++-------
Melee: Dagger            |    48 |    52 |    85 ||   185
       Unarmed           |     6 |       |       ||     6
       Short sword       |       |    46 |       ||    46
       Trident           |       |       |    31 ||    31
 Cast: Summon Small Mamm |    12 |     2 |       ||    14
       Call Imp          |    18 |    24 |     5 ||    47
       Call Canine Famil |       |    34 |    30 ||    64
       Summon Guardian G |       |       |    13 ||    13
Evoke: Wand              |       |       |     1 ||     1
  Use: Scroll            |       |     8 |     2 ||    10
 Stab: Sleeping          |     1 |       |     1 ||     2
       Distracted        |       |     1 |       ||     1
Armor: Robe              |    13 |    19 |    17 ||    49
Dodge: Dodged            |    47 |    61 |    63 ||   171

Vault maps used:
D:1:      minmay_arrival_open_corners, hex_tiny, minmay_misc_feat_five,
          kennysheep_nondescript
D:2:      kennysheep_the_goblin_king, old_standard_altar, fiery_altar_vehumet,
          nicolae_dithmenos_shadow_blocks, lemuel_crystal_altar,
          minmay_misc_feat_tiny, elyvilon_altar_4, uniq_jessica
D:3:      nemelex_deck, kennysheep_small_spiral, minivault_5, uniq_terence,
          uniq_sigmund
D:4:      first_bread, uniq_grinder
D:5:      cheibrodos_worm_habitat, lemuel_doored_altar, roderic_roman_lattice,
          lemuel_angel_altar
D:6:      nicolae_ru_path_of_blood, basic_altar
D:7:      minmay_temple_entry_mist, the_bakery, makhleb_blood_cavern_becter,
          uniq_duvessa
